TOP OF THE 1ST |
Fort Myers Miracle batting - Pitching for Charlotte Stone Crabs : LHP Frank Rodriguez
|
Pitching: LHP Frank Rodriguez
|
|
Batting: LHB Marshall Daul
|
0-0: Ball 1-0: Ball 2-0: SINGLE (Line Drive, 89S, EV 103.8 MPH)
|
Batting: RHB John Dew
|
0-0: Ball 1-0: Foul Ball, location: 2F 1-1: Ball 2-1: Ball 3-1: Fly out, F5 (Popup, 56S, EV 78.8 MPH)
|
Batting: SHB Manny Molina
|
0-0: Ball 1-0: Swinging Strike 1-1: Called Strike 1-2: Ball 2-2: Strikes out looking Marshall Daul steals 2nd, throwing error, E2 Marshall Daul to third
|
Batting: RHB Ryan Gautney
|
0-0: SINGLE (Flyball, 34D, EV 88.1 MPH) Marshall Daul scores
|
Batting: LHB Tomas Espino
|
0-0: Ball 1-0: Called Strike 1-1: Foul Ball, location: 2F 1-2: Ball 2-2: Ball 3-2: Foul Ball, location: 2F 3-2: Fly out, F7 (Line Drive, 78M, EV 95.6 MPH)
|
Top of the 1st over - 1 run, 2 hits, 1 error, 1 left on base; Fort Myers 1 - Charlotte 0 |
BOTTOM OF THE 1ST |
Charlotte Stone Crabs batting - Pitching for Fort Myers Miracle : LHP Yeijiro Kimura
|
Pitching: LHP Yeijiro Kimura
|
|
Batting: RHB James Huddleston
|
0-0: Ball 1-0: Called Strike 1-1: Foul Ball, location: 2F 1-2: Ball 2-2: Foul Ball, location: 2F 2-2: Ball 3-2: Base on Balls
|
Batting: RHB Chris Thorson
|
0-0: Called Strike 0-1: Ball 1-1: Ball 2-1: Ball 3-1: Base on Balls James Huddleston to second
|
Batting: LHB Darryl Gonnella
|
0-0: Swinging Strike 0-1: Ball 1-1: Fielders Choice at 2nd, 6-4 (Groundball, 6M, EV 88.1 MPH) James Huddleston to third
|
Batting: RHB Jose Arriola
|
0-0: DOUBLE (Groundball, 5L, EV 102.5 MPH) James Huddleston scores Darryl Gonnella to third Runner from 3rd tries for Home, SAFE, throw by LF to home
|
Batting: RHB Nelle Lommen
|
0-0: Ball 1-0: Called Strike 1-1: Fly out, F8 (Line Drive, 8LM, EV 101.9 MPH)
|
Batting: LHB Harris Vink
|
0-0: Swinging Strike 0-1: Ball 1-1: Swinging Strike 1-2: Fly out, F7 (Flyball, 78M, EV 73.1 MPH)
|
Bottom of the 1st over - 2 runs, 1 hit, 0 errors, 1 left on base; Fort Myers 1 - Charlotte 2 |
TOP OF THE 2ND |
Fort Myers Miracle batting - Pitching for Charlotte Stone Crabs : LHP Frank Rodriguez
|
Batting: RHB Kevin Harris
|
0-0: Ball 1-0: Fly out, F8 (Flyball, 8RD, EV 100.0 MPH)
|
Batting: RHB Graham Calvert
|
0-0: Called Strike 0-1: Ground out 4-3 (Groundball, 4, EV 85.6 MPH)
|
Batting: RHB Tony Crespo
|
0-0: Ball 1-0: Foul Ball, location: 2F 1-1: Ball 2-1: Ball 3-1: Called Strike 3-2: Foul Ball, location: 2F 3-2: Base on Balls
|
Batting: LHB Hector Olvera
|
0-0: Ball 1-0: Fly out, F8 (Flyball, 89D, EV 88.1 MPH)
|
Top of the 2nd over - 0 runs, 0 hits, 0 errors, 1 left on base; Fort Myers 1 - Charlotte 2 |
BOTTOM OF THE 2ND |
Charlotte Stone Crabs batting - Pitching for Fort Myers Miracle : LHP Yeijiro Kimura
|
Batting: RHB John Downing
|
0-0: Foul Ball, location: 2F 0-1: Ball 1-1: Ball 2-1: SINGLE (Line Drive, 34D, EV 96.2 MPH)
|
Batting: LHB Rich Matthews
|
0-0: Ball 1-0: Ball 2-0: Ball 3-0: Base on Balls John Downing to second
|
Batting: LHB Sean Banks
|
0-0: Ball 1-0: Fielders Choice at 2nd, 3-6 (Groundball, 34, EV 80.0 MPH) John Downing to third
|
Batting: RHB James Huddleston
|
0-0: Ball 1-0: Ball 2-0: Ball 3-0: Called Strike 3-1: Called Strike 3-2: Foul Ball, location: 2F 3-2: Foul Ball, location: 2F 3-2: Base on Balls Sean Banks to second
|
Batting: RHB Chris Thorson
|
0-0: Called Strike 0-1: Swinging Strike 0-2: DOUBLE (Flyball, 8RXD, EV 90.6 MPH) John Downing scores Sean Banks scores James Huddleston to third Runner from 3rd tries for Home, SAFE, throw by CF to trailing runner, SAFE at third!
|
Batting: LHB Darryl Gonnella
|
0-0: Ball 1-0: Called Strike 1-1: Ball 2-1: Foul Ball, location: 2F 2-2: Ball 3-2: Base on Balls
|
Pitching: RHP Tim Weller
|
|
Batting: RHB Jose Arriola
|
0-0: Ball 1-0: Fielders Choice at 2nd, 5-4 (Groundball, 5, EV 90.6 MPH) Chris Thorson scores
|
Batting: RHB Nelle Lommen
|
0-0: Fly out, F8 (Flyball, 89D, EV 103.1 MPH)
|
Bottom of the 2nd over - 4 runs, 2 hits, 0 errors, 1 left on base; Fort Myers 1 - Charlotte 6 |
TOP OF THE 3RD |
Fort Myers Miracle batting - Pitching for Charlotte Stone Crabs : LHP Frank Rodriguez
|
Batting: LHB Marshall Daul
|
0-0: Ball 1-0: Ball 2-0: TRIPLE (Line Drive, 89XD, EV 110.6 MPH)
|
Batting: RHB John Dew
|
0-0: Foul Ball, location: 2F 0-1: Foul Ball, location: 2F 0-2: Ball 1-2: SINGLE (Line Drive, 8LS, EV 88.8 MPH) Marshall Daul scores
|
Batting: SHB Manny Molina
|
0-0: Ball 1-0: Called Strike 1-1: Ball 2-1: Called Strike 2-2: Foul Ball, location: 2F 2-2: Ball 3-2: Strikes out swinging John Dew is caught stealing 2nd base 2-4 Batter strikes out.
|
Batting: RHB Ryan Gautney
|
0-0: Called Strike 0-1: Foul Ball, location: 2F 0-2: Foul Ball, location: 2F 0-2: Ball 1-2: Foul Ball, location: 2F 1-2: Ball 2-2: Strikes out swinging
|
Top of the 3rd over - 1 run, 2 hits, 0 errors, 0 left on base; Fort Myers 2 - Charlotte 6 |
BOTTOM OF THE 3RD |
Charlotte Stone Crabs batting - Pitching for Fort Myers Miracle : RHP Tim Weller
|
Batting: LHB Harris Vink
|
0-0: Fly out, F9 (Flyball, 89M, EV 83.8 MPH)
|
Batting: RHB John Downing
|
0-0: Ground out 5-3 (Groundball, 56S, EV 68.8 MPH)
|
Batting: LHB Rich Matthews
|
0-0: Ball 1-0: Called Strike 1-1: DOUBLE (Groundball, 3L, EV 94.4 MPH)
|
Batting: LHB Sean Banks
|
0-0: Ball 1-0: Called Strike 1-1: Called Strike 1-2: Foul Ball, location: 2F 1-2: Strikes out swinging
|
Bottom of the 3rd over - 0 runs, 1 hit, 0 errors, 1 left on base; Fort Myers 2 - Charlotte 6 |
TOP OF THE 4TH |
Fort Myers Miracle batting - Pitching for Charlotte Stone Crabs : LHP Frank Rodriguez
|
Batting: LHB Tomas Espino
|
0-0: Ball 1-0: Ball 2-0: SINGLE (Groundball, 3D, EV 106.9 MPH)
|
Batting: RHB Kevin Harris
|
0-0: Called Strike 0-1: Ball 1-1: Grounds into double play, 4-6-3 (Groundball, 4, EV 96.9 MPH)
|
Batting: RHB Graham Calvert
|
0-0: Foul Ball, location: 2F 0-1: Fly out, F6 (Popup, 56D, EV 49.4 MPH)
|
Top of the 4th over - 0 runs, 1 hit, 0 errors, 0 left on base; Fort Myers 2 - Charlotte 6 |
BOTTOM OF THE 4TH |
Charlotte Stone Crabs batting - Pitching for Fort Myers Miracle : RHP Tim Weller
|
Batting: RHB James Huddleston
|
0-0: Ball 1-0: Swinging Strike 1-1: Swinging Strike 1-2: Ball 2-2: Ground out 5-3 (Groundball, 5L, EV 104.4 MPH)
|
Batting: RHB Chris Thorson
|
0-0: Ball 1-0: Ball 2-0: Called Strike 2-1: SINGLE (Groundball, 6D, EV 102.5 MPH)
|
Batting: LHB Darryl Gonnella
|
0-0: Swinging Strike 0-1: Foul Ball, location: 2F 0-2: Foul Ball, location: 2F 0-2: Strikes out swinging
|
Batting: RHB Jose Arriola
|
0-0: Ball 1-0: Called Strike 1-1: Ground out 4-3 (Groundball, 34S, EV 82.5 MPH)
|
Bottom of the 4th over - 0 runs, 1 hit, 0 errors, 1 left on base; Fort Myers 2 - Charlotte 6 |
TOP OF THE 5TH |
Fort Myers Miracle batting - Pitching for Charlotte Stone Crabs : LHP Frank Rodriguez
|
Batting: RHB Tony Crespo
|
0-0: Ball 1-0: Foul Ball, location: 2F 1-1: Ball 2-1: Foul Ball, location: 2F 2-2: Ball 3-2: Foul Ball, location: 2F 3-2: Foul Ball, location: 2F 3-2: Ground out 6-3 (Groundball, 6M, EV 101.2 MPH)
|
Batting: LHB Hector Olvera
|
0-0: Ground out 6-3 (Groundball, 6M, EV 88.8 MPH)
|
Batting: LHB Marshall Daul
|
0-0: Called Strike 0-1: Ball 1-1: Ball 2-1: Ball 3-1: Base on Balls
|
Batting: RHB John Dew
|
0-0: Ball 1-0: Called Strike Marshall Daul steals 2nd base 1-1: Foul Ball, location: 2F 1-2: Strikes out looking
|
Top of the 5th over - 0 runs, 0 hits, 0 errors, 1 left on base; Fort Myers 2 - Charlotte 6 |
BOTTOM OF THE 5TH |
Charlotte Stone Crabs batting - Pitching for Fort Myers Miracle : RHP Tim Weller
|
Batting: RHB Nelle Lommen
|
0-0: Ground out U3 (Groundball, 34, EV 88.1 MPH)
|
Batting: LHB Harris Vink
|
0-0: Ball 1-0: Called Strike 1-1: Fly out, F6 (Popup, 56, EV 67.5 MPH)
|
Batting: RHB John Downing
|
0-0: Called Strike 0-1: Ball 1-1: Swinging Strike 1-2: SOLO HOME RUN (Flyball, 78XD, EV 112.5 MPH), Distance : 424 ft
|
Batting: LHB Rich Matthews
|
0-0: Ball 1-0: Ball 2-0: Foul Ball, location: 2F 2-1: Ball 3-1: SINGLE (Groundball, 34D, EV 110.0 MPH)
|
Pitching: RHP Regan Kalinski
|
|
Batting: LHB Sean Banks
|
0-0: Ball 1-0: DOUBLE (Flyball, 78XD, EV 107.5 MPH) Rich Matthews to third Runner from 3rd tries for Home, SAFE, throw by LF to home
|
Batting: RHB James Huddleston
|
0-0: Called Strike 0-1: Foul Ball, location: 2F 0-2: Strikes out swinging
|
Bottom of the 5th over - 2 runs, 3 hits, 0 errors, 1 left on base; Fort Myers 2 - Charlotte 8 |
TOP OF THE 6TH |
Fort Myers Miracle batting - Pitching for Charlotte Stone Crabs : LHP Frank Rodriguez
|
Batting: SHB Manny Molina
|
0-0: Ground out 4-3 (Groundball, 4, EV 104.4 MPH)
|
Batting: RHB Ryan Gautney
|
0-0: Ball 1-0: Ball 2-0: Called Strike 2-1: Ball 3-1: Reached on error, E6 (Groundball, 56, EV 85.6 MPH)
|
Batting: LHB Tomas Espino
|
0-0: Ball 1-0: SINGLE (Groundball, 13S, EV 61.2 MPH) (infield hit) Ryan Gautney to third
|
Batting: RHB Kevin Harris
|
0-0: Swinging Strike 0-1: Fielders Choice at 2nd, 4-6 (Groundball, 4, EV 91.2 MPH) Ryan Gautney scores
|
Batting: RHB Graham Calvert
|
0-0: Foul Ball, location: 2F 0-1: Ball 1-1: Swinging Strike 1-2: Strikes out swinging
|
Top of the 6th over - 1 run, 1 hit, 1 error, 1 left on base; Fort Myers 3 - Charlotte 8 |
BOTTOM OF THE 6TH |
Charlotte Stone Crabs batting - Pitching for Fort Myers Miracle : RHP Regan Kalinski
|
Batting: RHB Chris Thorson
|
0-0: Foul Ball, location: 2F 0-1: Foul Ball, location: 2F 0-2: Foul Ball, location: 2F 0-2: Strikes out swinging
|
Batting: LHB Darryl Gonnella
|
0-0: Called Strike 0-1: Ball 1-1: Swinging Strike 1-2: Ball 2-2: Strikes out swinging
|
Batting: RHB Jose Arriola
|
0-0: Called Strike 0-1: Ball 1-1: Ball 2-1: Ball 3-1: Base on Balls
|
Batting: RHB Nelle Lommen
|
0-0: Ground out 5-3 (Groundball, 56, EV 101.2 MPH)
|
Bottom of the 6th over - 0 runs, 0 hits, 0 errors, 1 left on base; Fort Myers 3 - Charlotte 8 |
TOP OF THE 7TH |
Fort Myers Miracle batting - Pitching for Charlotte Stone Crabs : LHP Frank Rodriguez
|
Batting: RHB Tony Crespo
|
0-0: Ball 1-0: Swinging Strike 1-1: Ball 2-1: Ball 3-1: Called Strike 3-2: Foul Ball, location: 2F 3-2: SINGLE (Groundball, 56D, EV 94.4 MPH)
|
Batting: LHB Hector Olvera
|
|
Pinch Hitting: RHB Leo Gonzalez
|
0-0: Called Strike 0-1: Ball Tony Crespo is caught stealing 2nd base 2-4 1-1: Swinging Strike 1-2: Strikes out swinging
|
Batting: LHB Marshall Daul
|
0-0: Ball 1-0: Foul Ball, location: 2F 1-1: Foul Ball, location: 2F 1-2: Ball 2-2: Strikes out swinging
|
Top of the 7th over - 0 runs, 1 hit, 0 errors, 0 left on base; Fort Myers 3 - Charlotte 8 |
BOTTOM OF THE 7TH |
Charlotte Stone Crabs batting - Pitching for Fort Myers Miracle : RHP Regan Kalinski
|
Now in RF: Matt Urbani
|
|
Batting: LHB Harris Vink
|
0-0: Swinging Strike 0-1: Called Strike 0-2: Ball 1-2: Ball 2-2: Foul Ball, location: 2F 2-2: Foul Ball, location: 2F 2-2: Strikes out swinging
|
Pitching: RHP Gary Triska
|
|
Batting: RHB John Downing
|
0-0: Called Strike 0-1: Ball 1-1: SINGLE (Groundball, 4D, EV 111.9 MPH)
|
Batting: LHB Rich Matthews
|
0-0: Ball 1-0: Foul Ball, location: 2F 1-1: Ball 2-1: Hit by Pitch John Downing to second
|
Batting: LHB Sean Banks
|
0-0: Foul Ball, location: 2F 0-1: Swinging Strike 0-2: Ball 1-2: Ball 2-2: Ball 3-2: Strikes out swinging
|
Batting: RHB James Huddleston
|
0-0: Foul Ball, location: 2F 0-1: Called Strike 0-2: Strikes out swinging
|
Bottom of the 7th over - 0 runs, 1 hit, 0 errors, 2 left on base; Fort Myers 3 - Charlotte 8 |
TOP OF THE 8TH |
Fort Myers Miracle batting - Pitching for Charlotte Stone Crabs : LHP Frank Rodriguez
|
Pitching: RHP Fabrizio Rovigo
|
|
Batting: RHB John Dew
|
0-0: Called Strike 0-1: Fly out, F8 (Line Drive, 8RD, EV 98.1 MPH)
|
Batting: SHB Manny Molina
|
0-0: Called Strike 0-1: Swinging Strike 0-2: Ball 1-2: Ball 2-2: Strikes out swinging
|
Batting: RHB Ryan Gautney
|
0-0: DOUBLE (Line Drive, 78D, EV 108.8 MPH)
|
Batting: LHB Tomas Espino
|
0-0: Foul Ball, location: 2F 0-1: Swinging Strike 0-2: Strikes out swinging
|
Top of the 8th over - 0 runs, 1 hit, 0 errors, 1 left on base; Fort Myers 3 - Charlotte 8 |
BOTTOM OF THE 8TH |
Charlotte Stone Crabs batting - Pitching for Fort Myers Miracle : RHP Gary Triska
|
Batting: RHB Chris Thorson
|
0-0: Ball 1-0: Swinging Strike 1-1: Ball 2-1: Foul Ball, location: 2F 2-2: Foul Ball, location: 2F 2-2: Foul Ball, location: 2F 2-2: Foul Ball, location: 2F 2-2: Strikes out swinging
|
Batting: LHB Darryl Gonnella
|
0-0: Ball 1-0: Ball 2-0: Called Strike 2-1: Foul Ball, location: 2F 2-2: Foul Ball, location: 2F 2-2: Strikes out swinging
|
Batting: RHB Jose Arriola
|
0-0: Called Strike 0-1: Swinging Strike 0-2: Ball 1-2: Strikes out swinging
|
Bottom of the 8th over - 0 runs, 0 hits, 0 errors, 0 left on base; Fort Myers 3 - Charlotte 8 |
TOP OF THE 9TH |
Fort Myers Miracle batting - Pitching for Charlotte Stone Crabs : RHP Fabrizio Rovigo
|
Batting: RHB Kevin Harris
|
0-0: Ball 1-0: Called Strike 1-1: Ball 2-1: Foul Ball, location: 2F 2-2: Fly out, F8 (Flyball, 8RD, EV 86.9 MPH)
|
Batting: RHB Graham Calvert
|
0-0: Ball 1-0: Ball 2-0: Ball 3-0: Base on Balls
|
Batting: RHB Tony Crespo
|
0-0: Ball 1-0: Foul Ball, location: 2F 1-1: Foul Ball, location: 2F 1-2: Foul Ball, location: 2F 1-2: Foul Ball, location: 2F 1-2: Ball 2-2: Strikes out swinging
|
Pitching: RHP Josh McMahan
|
|
Batting: SHB Matt Urbani
|
0-0: Foul Ball, location: 2F 0-1: Called Strike 0-2: Ball 1-2: Strikes out swinging
|
Top of the 9th over - 0 runs, 0 hits, 0 errors, 1 left on base; Fort Myers 3 - Charlotte 8 |
|